[Event "Team 45 45 League T28"]
[Site "Internet Chess Club"]
[Date "2005.10.15"]
[Round "5"]
[White "hansolo1000"]
[Black "clarnibass"]
[Result "0-1"]
[WhiteElo "1545"]
[BlackElo "1730"]
[TimeControl "2700+45"]

1. d4 Nf6 2. c4 e6 3. Nc3 Bb4 4. f3 d5 5. e3 O-O 6. Ne2 dxc4 7. Ng3 Nd5 8. Qc2
c5 9. Bxc4 cxd4 10. exd4 Nc6 11. Ne2 Nxc3 12. bxc3 Nxd4 13. Nxd4 Qxd4 14. cxb4
Qxa1 15. O-O Qd4+ 16. Kh1 Rd8 17. Re1 Bd7 18. Bb2 Ba4 19. Bb3 Bxb3 20. Qxb3 Qd2
21. Bc3 Qf2 {White resigns} 0-1

[Event "Team 45 45 League T28"]
[Site "Internet Chess Club"]
[Date "2005.10.16"]
[Round "5"]
[White "bobhill"]
[Black "tryany1"]
[Result "1/2-1/2"]
[WhiteElo "2023"]
[BlackElo "2163"]
[TimeControl "2700+45"]

1. d4 Nf6 2. Nf3 c5 3. d5 b5 4. Bf4 d6 5. e3 Qa5+ 6. c3 Bb7 7. a4 bxa4 8. Bc4
Nbd7 9. Rxa4 Qc7 10. Ra1 a6 11. e4 Nxe4 12. Qe2 Nef6 13. O-O Nxd5 14. Bxd5 Bxd5
15. Rd1 e6 16. Rxd5 Be7 17. Rd1 e5 18. Bg3 Qb7 19. Na3 Nb6 20. Nc2 O-O 21. Ne3
f5 22. Bh4 e4 23. Bxe7 exf3 24. gxf3 Qxe7 25. Rxa6 Rab8 26. Qd3 Qg5+ 27. Kh1 Qh5
28. Qxd6 Qxf3+ 29. Kg1 f4 30. Ng2 Qe2 31. Ra7 Qg4 32. Kh1 Nc8 33. Qd5+ Kh8 34.
Rf7 Nb6 35. Rxf8+ Rxf8 36. Qd6 Kg8 37. Rg1 Na4 38. Ne1 Qc8 39. Qd5+ Kh8 40. Nd3
c4 41. Ne5 Qf5 42. Qd4 Qf6 43. Nxc4 Qc6+ 44. Rg2 Qc7 45. Qd6 Qc8 46. Ne5 Qc5 47.
Qe6 Qc7 48. Nd3 Rd8 49. Qf5 Qb7 50. Qxf4 Nxb2 51. Ne1 Re8 52. Nf3 Nd3 53. Qf5
Ne1 54. Rg3 Kg8 55. h4 Qc6 56. Qg4 g6 57. Kh2 Re4 58. Qg5 Qd6 59. Nxe1 Rxe1 60.
Qg4 Qc5 61. Kg2 Qd5+ 62. Qf3 Qc4 63. Rg4 Qf1+ 64. Kg3 Qb5 65. Rf4 Re8 66. c4 Qb8
67. Kg2 Rd8 68. Qg4 Qb7+ {Game drawn by mutual agreement} 1/2-1/2 
arriero55(71): hola nona

[Event "Team 45 45 League T28"]
[Site "Internet Chess Club"]
[Date "2005.10.16"]
[Round "5"]
[White "Bug"]
[Black "BaroneRosso"]
[Result "1-0"]
[WhiteElo "2195"]
[BlackElo "2037"]
[TimeControl "2700+45"]

1. e4 c5 2. Nc3 Nc6 3. f4 g6 4. Nf3 Bg7 5. Bb5 Nd4 6. O-O Nxb5 7. Nxb5 d5 8. e5
a6 9. Nc3 d4 10. Ne4 Qd5 11. d3 Nh6 12. Qe1 O-O 13. h3 Kh8 14. Qa5 b5 15. Qa3
Bf5 16. Nxc5 Rfc8 17. Nb3 Rxc2 18. Nbxd4 Rcc8 19. g4 Nxg4 20. hxg4 Bxg4 21. Qxe7
Bf8 22. Qf6+ Kg8 23. Be3 Rc7 24. Kf2 Be7 25. Qb6 Bd8 26. Kg3 Rcc8 27. Qd6 Bxf3
28. Nxf3 Qb7 29. Rac1 h5 30. e6 Be7 31. exf7+ Kxf7 32. Ne5+ Ke8 33. Qxg6+ Kd8
34. Bb6+ {Black resigns} 1-0

[Event "Team 45 45 League T28"]
[Site "Internet Chess Club"]
[Date "2005.10.14"]
[Round "5"]
[White "DTK"]
[Black "nateinstein"]
[Result "1-0"]
[WhiteElo "2031"]
[BlackElo "1843"]
[TimeControl "2700+45"]

1. e4 c6 2. d4 d5 3. Nc3 dxe4 4. Nxe4 Nd7 5. Nf3 Ngf6 6. Ng3 g6 7. Bc4 Bg7 8.
O-O O-O 9. Re1 c5 10. Qe2 cxd4 11. Qxe7 Qb6 12. Ng5 Qc5 13. Bxf7+ Kh8 14. Bb3
Qxe7 15. Rxe7 h6 16. Ne6 Re8 17. Rxg7 Rxe6 18. Bxh6 Rb6 19. Re1 Nc5 20. Ree7
Nxb3 21. Ne4 Bf5 22. Nxf6 Rxf6 23. Rh7+ Kg8 24. Reg7+ {Black resigns} 1-0

[Event "Team 45 45 League T28"]
[Site "Internet Chess Club"]
[Date "2005.10.14"]
[Round "5"]
[White "RingLord"]
[Black "camembert"]
[Result "0-1"]
[WhiteElo "1606"]
[BlackElo "1864"]
[TimeControl "2700+45"]

1. e4 e5 2. Nc3 Nf6 3. Bc4 Nxe4 4. Qh5 Nd6 5. Bb3 Be7 6. Qxe5 O-O 7. d3 Nc6 8.
Qh5 Nd4 9. Nf3 Nxb3 10. axb3 g6 11. Qd5 Nf5 12. O-O c6 13. Qa5 b6 14. Qa4 Bb7
15. Ne4 c5 16. Ne5 d5 17. Ng3 Nxg3 18. hxg3 Bd6 19. Nf3 Re8 20. d4 Qc7 21. c3
Bc6 22. Qa2 a5 23. Be3 Bxg3 24. Rfe1 Bd6 25. Qb1 Bd7 26. Qc1 Bg4 27. Nd2 Bf4 28.
Nf1 Bxe3 29. Nxe3 Be6 30. Qd2 cxd4 31. Qxd4 Qc5 32. Rad1 Red8 33. Rd2 Qc6 34.
Red1 a4 35. Qe5 axb3 36. Nxd5 Bxd5 37. Rxd5 Re8 38. Qd4 Ra4 39. Qd2 Rae4 40. Rd6
Qb5 41. Rd8 Qe2 42. Qxe2 Rxe2 43. Rxe8+ Rxe8 44. Kf1 Ra8 45. Ke2 Kf8 46. Rd4 Ra2
47. Rd2 Ke7 48. Kd3 Ra4 49. c4 b5 50. cxb5 Rb4 51. Kc3 Rxb5 52. Rd4 h5 53. Rb4
Rxb4 54. Kxb4 h4 55. Kxb3 g5 56. f3 f5 57. Kc3 g4 58. fxg4 fxg4 59. Kd3 h3 60.
Ke2 h2 {White resigns} 0-1

[Event "Team 45 45 League T28"]
[Site "Internet Chess Club"]
[Date "2005.10.18"]
[Round "5"]
[White "Plattner"]
[Black "f5"]
[Result "0-1"]
[WhiteElo "1901"]
[BlackElo "2321"]
[TimeControl "2700+45"]

1. e4 c5 2. Nf3 Nc6 3. Bb5 g6 4. c3 Nf6 5. Qe2 Bg7 6. O-O O-O 7. d4 cxd4 8. cxd4
d5 9. e5 Ne4 10. Nc3 Bg4 11. Bxc6 Nxc3 12. bxc3 bxc6 13. Qe3 Bxf3 14. Qxf3 Qa5
15. Bg5 f6 16. exf6 exf6 17. Bf4 Rfe8 18. Bd6 Re6 19. Bb4 Qa4 20. a3 a5 21. Bc5
Rae8 22. Rab1 Qc4 23. Qg3 f5 24. Rb8 Qxf1+ {White resigns} 0-1

[Event "Team 45 45 League T28"]
[Site "Internet Chess Club"]
[Date "2005.10.17"]
[Round "5"]
[White "MiroslavR"]
[Black "BillyNoMates"]
[Result "0-1"]
[WhiteElo "1956"]
[BlackElo "1846"]
[TimeControl "2700+45"]

1. e4 e6 2. d4 d5 3. Nc3 Bb4 4. e5 c5 5. a3 Bxc3+ 6. bxc3 Qc7 7. Qg4 f5 8. Qh5+
g6 9. Qd1 Bd7 10. Nf3 Nc6 11. dxc5 Nxe5 12. Bf4 Nxf3+ 13. Qxf3 Qd8 14. Be5 Nf6
15. Rb1 Bc6 16. Bb5 O-O 17. Bxc6 bxc6 18. h4 Nd7 19. Bd6 Rf7 20. Qf4 Qf6 21. Kd2
e5 22. Qa4 e4 23. Qxc6 Re8 24. Qxd5 f4 25. Qd4 e3+ 26. Ke2 f3+ 27. Kd1 Qxd4+ 28.
cxd4 fxg2 29. Re1 exf2 30. Rxe8+ Kg7 31. Kd2 f1=Q 32. Rxf1 gxf1=Q 33. c6 Nb6 34.
c7 Rf2+ {White resigns} 0-1

[Event "Team 45 45 League T28"]
[Site "Internet Chess Club"]
[Date "2005.10.17"]
[Round "5"]
[White "rayonline53"]
[Black "Beancounter"]
[Result "1-0"]
[WhiteElo "1705"]
[BlackElo "1683"]
[TimeControl "2700+45"]

1. e4 c5 2. Nf3 d6 3. d4 cxd4 4. Nxd4 Nf6 5. Nc3 a6 6. Be2 e6 7. Be3 Be7 8. Qd2
b5 9. f3 Bd7 10. O-O-O Nc6 11. g4 Nxd4 12. Bxd4 Bc6 13. h4 e5 14. Be3 Qc7 15. h5
h6 16. Rh3 O-O-O 17. Nd5 Nxd5 18. exd5 Bb7 19. Kb1 Kb8 20. Qb4 Rc8 21. c3 Qd7
22. a4 bxa4 23. Bxa6 f5 24. Bb5 Qc7 25. Qxa4 Ba8 26. Bc6 Bxc6 27. dxc6 Rcf8 28.
Rd5 Kc8 29. Ra5 {Black resigns} 1-0